 Dungeon Crawl Stone Soup version 0.30.1-9-gdf580d7c3d (webtiles) character file.

Game seed: 16116900951612140116

106 Eitelfritz the Slasher (level 4, -2/34 HPs)
             Began as a Demonspawn Gladiator on Oct 3, 2023.
             Killed from afar by Sigmund (9 damage)
             ... with a puff of flame
             ... on level 2 of the Dungeon on Oct 4, 2023.
             The game lasted 00:06:56 (1513 turns).

Eitelfritz the Slasher (Demonspawn Gladiator)       Turns: 1513, Time: 00:06:57

Health: -2/34      AC:  4    Str: 14    XL:     4   Next: 55%
Magic:  4/4        EV: 12    Int: 14    God:
Gold:   32         SH:  0    Dex: 14    Spells: 3/3 levels left

rFire   . . .        a - +0 long sword
rCold   . . .        (no shield)
rNeg    + . .        b - +0 leather armour
rPois   .            c - +0 helmet
rElec   .            (no cloak)
rCorr   .            (no gloves)
SInv    +            (no boots)
Will    .....        (no amulet)
Stlth   +            g - ring of see invisible
HPRegen 0.25/turn    w - ring of positive energy
MPRegen 0.09/turn

%: no passive effects
@: no status effects
A: big brain 1
a: no special abilities


You were on level 2 of the Dungeon.
You visited 1 branch of the dungeon, and saw 2 of its levels.

You collected 32 gold pieces.

Inventory:

Hand Weapons
 a - a +0 long sword (weapon)
Missiles
 d - 3 throwing nets (quivered)
 e - a javelin
 j - 4 boomerangs
Armour
 b - a +0 leather armour (worn)
 c - a +0 helmet (worn)
 o - a +0 ring mail
Jewellery
 g - a ring of see invisible (left hand)
 w - a ring of positive energy (right hand)
Wands
 x - a wand of mindburst (20)
Scrolls
 f - a scroll of fog {unknown}
 k - 2 scrolls of identify {unknown}
 m - 2 scrolls of noise {unknown}
 q - a scroll of teleportation {unknown}
 t - a scroll of magic mapping {unknown}
 v - 2 scrolls of poison {unknown}
 y - a scroll of immolation {unknown}
Potions
 h - 2 potions of haste {unknown}
 i - a potion of cancellation {unknown}
 l - a potion of heal wounds {unknown}
 n - 2 potions of magic {unknown}
 p - 3 potions of curing {unknown}
 r - a potion of invisibility {unknown}
 s - a potion of lignification {unknown}
 u - a potion of attraction {unknown}


   Skills:
 + Level 2.3 Fighting
 + Level 4.0 Long Blades
 + Level 1.9 Throwing
 + Level 1.5 Armour
 + Level 3.1 Dodging


You had 3 spell levels left.
You didn't know any spells.
Your spell library contained the following spells:

 Spells                   Type           Power      Damage    Failure   Level
 Ensorcelled Hibernation  Hex/Ice        0%         N/A       47%         2
 Passwall                 Tmut/Erth      0%         N/A       47%         2
 Poisonous Vapours        Pois/Air       0%         N/A       47%         2
 Mephitic Cloud           Conj/Pois/Air  0%         N/A       71%         3
 Swiftness                Air            0%         N/A       71%         3
 Volatile Blastmotes      Fire/Tloc      0%         2d10      71%         3
 Plasma Beam              Fire/Air       0%         2x1d11    100%        6


Dungeon Overview and Level Annotations

Branches:
Dungeon (2/15)

Altars:
Fedhas

Annotations:
D:2 Sigmund


Innate Abilities, Weirdness & Mutations

You have an unusually large brain. (Int +2)


Message History

You completely miss Natasha.
Natasha is severely wounded.
The cerulean imp hits you from afar with a +0 spear.
Natasha stares at you and mumbles some strange words.
You feel yourself slow down.
You slash Natasha!
You kill Natasha!
You hear a faint echoing roar filled with hate and sorrow!
The cerulean imp disappears in a puff of smoke!
Sigmund gestures at you while chanting. The magic dart hits you.
Your Long Blades skill increases to level 4!
Sigmund hits you but does no damage.
You see here the felid corpse of Natasha.
You slash Sigmund!
Sigmund is moderately wounded.
Sigmund casts a spell at you.
The magic dart hits you but does no damage.
Sigmund hits you with a +0 scythe.
* * * LOW HITPOINT WARNING * * *
You closely miss Sigmund.
Sigmund is moderately wounded.
Sigmund barely misses you.
You barely miss Sigmund.
Sigmund is moderately wounded.
Sigmund closely misses you.
You hit Sigmund.
Sigmund is heavily wounded.
Sigmund misses you.
You slash Sigmund!
Sigmund is almost dead.
Sigmund casts a spell at you. The puff of flame misses you.
Sigmund hits you with a +0 scythe.
* * * LOW HITPOINT WARNING * * *
You barely miss Sigmund. You punch Sigmund.
Sigmund is almost dead.
You feel yourself speed up. Sigmund gestures at you while chanting.
The puff of flame hits you!
You die...

###....##.# ..#
#.#####.# #.#
#.......# ###@#
#.####### ...#
#.# # #..# #.#
#..###..# #.#
........#######.#
#..@@$.....#
############


You could see Sigmund (invisible).

Vanquished Creatures
  Natasha (D:2)
  Robin (D:1)
  2 adders
  A dart slug (D:1)
  3 endoplasms
  A giant cockroach (D:1)
  13 goblins (D:1)
  3 hobgoblins (D:1)
  4 jackals (D:1)
  4 kobolds
  3 quokkas
  3 ball pythons
  A bat (D:1)
  6 rats
46 creatures vanquished.

Notes
Turn   | Place    | Note
-------+----------+-------------------------------------------
     0 | D:1      | Eitelfritz the Demonspawn Gladiator began the quest for the
                  | Orb.
     0 | D:1      | Reached XP level 1. HP: 16/16 MP: 1/1
     2 | D:1      | Got Tozeadgh's Treatise on the Polluted Coals
   133 | D:1      | Gained mutation: You have an unusually large brain. (Int
                  | +2) [demonic ancestry]
   133 | D:1      | Reached XP level 2. HP: 19/22 MP: 2/2
   138 | D:1      | Reached skill level 3 in Long Blades
   680 | D:2      | Noticed Robin
   735 | D:1      | Reached XP level 3. HP: 13/27 MP: 3/3
   934 | D:1      | Killed Robin
  1105 | D:2      | Reached skill level 1 in Armour
  1105 | D:2      | Reached XP level 4. HP: 33/33 MP: 4/4
  1120 | D:2      | Found a blossoming altar of Fedhas.
  1494 | D:2      | Noticed Natasha
  1496 | D:2      | Noticed Sigmund
  1506 | D:2      | Killed Natasha
  1507 | D:2      | Reached skill level 4 in Long Blades
  1513 | D:2      | Killed from afar by Sigmund

Illustrated notes

Levels and vault maps discovered:
D:1:      wheals_arrival_shading, layout_loops_ring, minmay_tetromino_t2
D:2:      layout_loops_cross, basic_altar, uniq_sigmund, uniq_natasha,
          uniq_robin

Skill      XL: |  1  2  3  4 |
---------------+-------------+-----
Long Blades    | 3 4 |  4.0
Dodging        | 3 |  3.1
Armour         | 1 |  1.5
Fighting       | |  2.3
Throwing       | |  1.9

Action                     |  1- 3 |  4- 6 || total
---------------------------+-------+-------++-------
  Melee: Long sword        |   119 |    41 ||   160
         Punch             |       |     1 ||     1
   Stab: Sleeping          |     1 |       ||     1
 Armour: Leather armour    |    39 |    16 ||    55
  Dodge: Dodged            |   105 |    24 ||   129
